 Dungeon Crawl Stone Soup version 0.30-a0-1160-g6e42c06551 (webtiles) character file.

Game seed: 5868398758507214223

176756 Pooter the Brawler (level 17, -1/169 HPs)
             Began as a Troll Berserker on Apr 25, 2023.
             Was a High Priest of Trog.
             Slain by a +2 heavy long sword (8 damage)
             ... on level 1 of the Elven Halls on Apr 26, 2023.
             The game lasted 03:29:35 (32776 turns).

Pooter the Brawler (Troll Berserker)               Turns: 32776, Time: 03:29:36

Health: -1/169     AC: 27    Str: 36    XL:     17   Next: 52%
Magic:  0/16       EV:  5    Int:  4    God:    Trog [*****.]
Gold:   2393       SH:  0    Dex: 11    Spells: 16/16 levels left

rFire   + +          .
                       - Unarmed
rCold   + + .        (no shield)
rNeg    + . .        e - +8 gold dragon scales "Fagruny" {rPois rF+ rC+ rN+ Regen+ Dex-4}
rPois   +            k - +1 hat
rElec   .            i - scarf {rC+ rF+}
rCorr   .            (gloves unavailable)
SInv    +            (boots unavailable)
Will    ++++.        G - amulet of guardian spirit Stlth
                     S - ring of see invisible
HPRegen 3.08/turn    u - +6 ring of strength
MPRegen 0.15/turn

%: guardian spirit
@: strong-willed (expiring), regenerating (expiring), studying Ranged Weapons
A: large, unfitting armour, claws 3, regeneration 1, shaggy fur 1, tough skin 1,
talons 1, agile 1, strong-willed 1, evolution 1
a: Renounce Religion, Berserk, Trog's Hand, Brothers in Arms


You were on level 1 of the Elven Halls.
You worshipped Trog.
Trog was extremely pleased with you.
You visited 4 branches of the dungeon, and saw 23 of its levels.
You also visited: Ossuary, Bailey and Gauntlet.

You collected 3131 gold pieces.
You spent 738 gold pieces at shops.

Inventory:

Hand Weapons
 b - a +8 heavy arbalest
   (You found it on level 1 of the Elven Halls)
 m - the +1 broad axe of Imbalance {flame, rF++ Int+5 Dex+4}
   (You found it in a Gauntlet)

   Int:       It affects your intelligence (+5).
   Dex:       It affects your dexterity (+4).
   rF:        It greatly protects you from fire.
 D - a +5 battleaxe
   (You found it on level 5 of the Lair of Beasts)
Missiles
 a - 4 curare-tipped darts
 o - 7 silver javelins
 E - 3 datura-tipped darts
 L - 23 boomerangs (quivered)
 Q - 4 silver boomerangs
 T - 3 atropa-tipped darts
 V - 23 large rocks
 X - 10 javelins
Armour
 e - the +8 gold dragon scales "Fagruny" (worn) {rPois rF+ rC+ rN+ Regen+ Dex-4}
   (You acquired it in a bailey)

   Dex:       It affects your dexterity (-4).
   rF:        It protects you from fire.
   rC:        It protects you from cold.
   rPois:     It protects you from poison.
   rN:        It protects you from negative energy.
   Regen:     It increases your rate of health regeneration.
 i - a scarf of resistance (worn)
   (You found it on level 1 of the Elven Halls)
 k - a +1 hat (worn)
   (You found it on level 1 of the Lair of Beasts)
 w - a scarf of harm
   (You found it on level 3 of the Dungeon)
 U - a +1 cloak of stealth
   (You found it in a Gauntlet)
Jewellery
 c - a ring of willpower
   (You took it off a wight on level 9 of the Dungeon)
 h - a ring of flight
   (You found it on level 13 of the Dungeon)
 u - a +6 ring of strength (right claw)
   (You found it on level 3 of the Lair of Beasts)
 y - a +5 ring of evasion
   (You found it in an ossuary)
 F - a ring of protection from fire
   (You found it on level 13 of the Dungeon)
 G - an amulet of guardian spirit (around neck)
   (You found it on level 2 of the Dungeon)
 H - an amulet of reflection
   (You found it in an ossuary)
 N - a ring of positive energy
   (You found it on level 10 of the Dungeon)
 P - a +4 ring of protection
   (You took it off an orc on level 5 of the Dungeon)
 S - a ring of see invisible (left claw)
   (You bought it in a shop on level 2 of the Orcish Mines)
Wands
 f - a wand of flame (92)
   (You found it on level 7 of the Dungeon)
 n - a wand of polymorph (24)
   (You found it on level 2 of the Dungeon)
 s - a wand of quicksilver (9)
   (You took it off Jessica on level 2 of the Dungeon)
 M - a wand of charming (12)
   (You found it on level 10 of the Dungeon)
 Y - a wand of mindburst (29)
   (You found it on level 8 of the Dungeon)
Scrolls
 g - 2 scrolls of silence
 p - 3 scrolls of poison {!r}
 t - 2 scrolls of teleportation {@r4}
 v - 5 scrolls of fog
 z - 3 scrolls of immolation {!r}
 K - 5 scrolls of noise {!r}
 O - 3 scrolls of fear
 R - a scroll of magic mapping
 W - 2 scrolls of blinking
Potions
 d - 2 potions of cancellation
 j - 4 potions of haste {@q3}
 l - 4 potions of lignification {!q}
 r - 13 potions of curing {@q1}
 x - 2 potions of flight
 A - a potion of might
 B - 3 potions of heal wounds {@q2}
 C - 6 potions of mutation {!q}
 I - 4 potions of resistance
 J - 3 potions of attraction {!q}
Miscellaneous
 Z - a piece from Xom's chessboard (15/15)
   (You found it on level 1 of the Lair of Beasts)


   Skills:
 + Level 10.8 Fighting
 * Level 12.5 Ranged Weapons
 + Level 8.1 Throwing
 + Level 7.9 Armour
 - Level 2.4 Dodging
 * Level 17.4 Unarmed Combat
 + Level 8.5 Evocations


You had 16 spell levels left.
You didn't know any spells.
Your spell library was empty.

Dungeon Overview and Level Annotations

Branches:
Dungeon (15/15)            Temple (0/1) D:5            Lair (5/5) D:11
  Swamp (0/4) Lair:2       Spider (0/4) Lair:3        Slime (0/5) Lair:5
    Orc (2/2) D:12            Elf (1/3) Orc:2        Vaults (0/5) D:14
 Depths (0/4) D:15        Ossuary (visited)          Bailey (visited)
Gauntlet (visited)

Altars:
Ashenzari
Dithmenos
Elyvilon
Fedhas
Gozag
Kikubaaqudgha
Nemelex Xobeh
Qazlal
Sif Muna
Uskayaw
Vehumet
Xom
Yredelemnul

Shops:
D:6 :   Orc:2 [(=*[   Elf:1 (

Annotations:
D:8 3 runed translucent doors, retardedninja's ghost, novice FoFi
D:9 1 runed translucent door, turtlewat's ghost, novice TrFi
Lair:3 2 transporters, Uroushin's ghost, journeyman GnEn
Lair:5 2 transporters, mandoloar's ghost, journeyman OpTm


Innate Abilities, Weirdness & Mutations

You are too large for most types of armour.
You have claws for hands.
Your natural rate of healing is unusually fast.
You are covered in fur. (AC +1)
You have tough skin. (AC +1)
You have sharp toenails.
You are agile. (Dex +4, Str/Int -1)
You are strong-willed. (Will+)
You have hidden genetic potential.


Message History

* * * LOW HITPOINT WARNING * * *
You scratch the deep elf archer.
You kill the deep elf archer!
Trog accepts your kill.
Trog appreciates your killing of a magic user.
The +2 heavy long sword hits you!!
* * * LOW MAGIC WARNING * * *
* * * LOW HITPOINT WARNING * * *
The orc wizard hits you but does no damage.
The deep elf pyromancer mumbles some strange words.
The deep elf pyromancer blinks!
You scratch the earth elemental. You mangle the earth elemental!!
You claw the earth elemental.
You feel the effects of Trog's Hand fading.
The +2 heavy long sword hits you.
* * * LOW HITPOINT WARNING * * *
The orc wizard hits you but does no damage.
The earth elemental barely misses you.
You scratch the +2 heavy long sword but do no damage.
Your kick misses the +2 heavy long sword.
The +2 heavy long sword hits you.
* * * LOW MAGIC WARNING * * *
* * * LOW HITPOINT WARNING * * *
The deep elf high priest calls down the wrath of its god upon you.
Something smites you!
* * * LOW MAGIC WARNING * * *
* * * LOW HITPOINT WARNING * * *
The deep elf demonologist gestures wildly while chanting.
The orc wizard hits you but does no damage.
You mangle the +2 heavy long sword!!
Your kick misses the +2 heavy long sword.
The +2 heavy long sword hits you!
* * * LOW HITPOINT WARNING * * *
You scratch the +2 heavy long sword.
Your kick misses the +2 heavy long sword.
The deep elf pyromancer hits you but does no damage.
The deep elf zephyrmancer mumbles some strange words.
The deep elf zephyrmancer blinks!
The orc wizard hits you but does no damage.
The earth elemental barely misses you.
The Brimstone Fiend calls on the powers of darkness!
The orc wizard convulses!
The deep elf demonologist convulses!
The deep elf archer convulses!
The deep elf zephyrmancer convulses!
The deep elf high priest convulses!
Your body is wracked with pain!
* * * LOW HITPOINT WARNING * * *
You scratch the +2 heavy long sword.
Your kick misses the +2 heavy long sword.
Your claw misses the +2 heavy long sword.
The +2 heavy long sword hits you!
You die...

#.###|###..#...#####.#
#.#
.#########.#.........#
#.#
...........)...#####.#
#.## ..#######.).#..#
#.## ##... ..#
#....#.## #..###
###..## #)# ###.#.#.##
##...###...## ..>#
#.#.#.#.## #.........#
....# #.#.###e#.#
#####.##### .....#
##.#.#.#@## ##'##
.....#
##.#..oE(e§.###...##
## ...#.#
###''#ee#''##.....##
#. #.##.# #8..1oe4
.8#.....>###. ... .#
#8. .1... 8#.......##.
##..#..#.. #.......'..
8 .e.....8#.......##.
#8........8#......###.
#.....## #.


You could see a Tzitzimitl (summoned), a Brimstone Fiend (summoned), a deep elf
demonologist (empowered), a deep elf archer (repels missiles, invisible), a deep
elf high priest (brilliance aura), an earth elemental, a hellwing (summoned), a
deep elf pyromancer (empowered), 2 deep elf zephyrmancers, a +2 heavy long sword
and 2 orc wizards.

Vanquished Creatures
  Kirke (D:13)
  An orc warlord (Orc:1)
  A deep elf demonologist (Elf:1)
  Azrael (D:13)
  4 dire elephants (Lair:5)
  A minotaur (Gauntlet)
  Snorg (D:9)
  8 hydras
  2 vault guards (D:14)
  Fannar (Lair:3)
  Harold (Lair:1)
  3 ogre magi
  Erolcha (D:13)
  A ghost crab (Lair:2)
  18 two-headed ogres
  6 boulder beetles
  2 centaur warriors (D:13)
  6 dancing weapons (Elf:1)
  2 orc high priests (Orc:2)
  A spectral dire elephant (Lair:5)
  21 death yaks
  Sonja (D:10)
  Urug (D:13)
  A storm dragon zombie (D:15)
  2 skysharks
  Lodul (D:10)
  9 deep elf knights
  A spectral anaconda (Lair:5)
  A spectral death yak (Lair:5)
  A skeletal warrior (D:15)
  A flayed ghost (D:15)
  3 swamp dragons (Lair:1)
  5 necromancers
  3 wizards
  8 deep elf archers (Elf:1)
  13 deep elf zephyrmancers
  2 lindwurms
  An obsidian statue (Lair:5)
  5 deep elf pyromancers
  A wolf spider zombie (D:12)
  5 orc sorcerers
  A shining eye (Gauntlet)
  A frost giant zombie (D:15)
  6 orc knights
  7 cyclopes
  2 manticores
  2 ugly things
  2 fire giant zombies (D:15)
  A wolf spider (Lair:3)
  A moth of wrath (Gauntlet)
  25 elephants
  Maurice (D:10)
  3 dire elephant zombies (Lair:5)
  2 black mambas
  A salamander (shapeshifter) (D:15)
  7 slime creatures
  14 centaur zombies (D:12)
  A smoke demon (Gauntlet)
  4 gargoyles
  An unseen horror (D:11)
  A rime drake (shapeshifter) (D:14)
  9 komodo dragons
  12 cane toads
  An efreet (D:15)
  A rime drake (Lair:3)
  A kobold demonologist (Bailey)
  3 yaktaurs (D:14)
  A guardian mummy (D:15)
  A red devil (Gauntlet)
  3 meliai (D:15)
  A queen bee (D:15)
  5 trolls
  2 hornets
  A polar bear (Lair:1)
  13 blink frogs
  3 spectral elephants (Lair:5)
  A meliai zombie (D:12)
  4 dream sheep (Lair:5)
  2 jumping spiders (Lair:3)
  3 wraiths
  6 vampires
  An air elemental (Elf:1)
  8 shadows
  7 spriggans
  8 basilisks
  34 yaks
  6 wyverns
  A fire elemental (Elf:1)
  19 humans (D:14)
  A golden eye (Gauntlet)
  A redback (Lair:3)
  A death yak simulacrum (Lair:5)
  6 vampire mosquitoes
  2 acid dragons (D:9)
  A spectral cane toad (Lair:5)
  2 floating eyes
  11 water moccasins
  3 hell hounds (D:13)
  2 spectral yaks (Lair:2)
  A spectral polar bear (Lair:2)
  43 orc warriors
  3 sky beasts
  2 ice beasts (D:6)
  9 boggarts
  33 ogres
  15 wolves
  6 centaurs
  3 kobold brigands
  A spectral wyvern (Lair:2)
  2 gnoll sergeants (D:9)
  15 bullfrogs
  A spectral water moccasin (Lair:2)
  2 cane toad simulacra (Lair:5)
  14 wights
  10 killer bees
  3 troll zombies (D:12)
  3 elephant simulacra (Lair:5)
  2 electric eels
  2 crimson imps (Gauntlet)
  3 hounds (D:5)
  2 gnoll boudas
  14 orc priests
  A jelly (D:8)
  2 sleepcaps
  Jessica (D:2)
  Natasha (twice) (D:2)
  A boggart zombie (D:12)
  3 iguanas
  15 orc wizards
  5 ogre zombies (D:12)
  4 mummies
  3 adders
  10 gnolls
  A river rat (D:2)
  5 white imps
  2 ufetubi
  3 dart slugs
  65 orcs
  5 ball pythons
  7 endoplasms
  3 giant cockroaches
  16 goblins
  9 hobgoblins
  4 jackals (D:1)
  24 kobolds
  8 quokkas
  3 bats
  A frilled lizard (D:2)
  A goblin skeleton (D:12)
  7 goblin zombies
  3 hobgoblin skeletons (D:12)
  5 hobgoblin zombies
  3 kobold zombies (Ossuary)
  3 orc skeletons (D:12)
  13 orc zombies (D:12)
  5 rats
850 creatures vanquished.

Vanquished Creatures (collateral kills)
  An orc high priest (Orc:1)
  A deep elf pyromancer (Elf:1)
  An elephant (Lair:5)
  An orc warrior (Orc:1)
  An orc wizard (Orc:1)
  An orc (Orc:1)
6 creatures vanquished.

Vanquished Creatures (others)
  A deep elf knight (Elf:1)
  2 deep elf pyromancers (Elf:1)
  2 humans
  An orc warrior (Elf:1)
  A hell hound (D:13)
  An orc wizard (D:7)
  An orc (Orc:1)
  A bush (Lair:1)
  60 fungi
  44 plants
  36 withered plants
150 creatures vanquished.

Grand Total: 1006 creatures vanquished

Notes
Turn   | Place    | Note
-------+----------+-------------------------------------------
     0 | D:1      | Pooter the Troll Berserker began the quest for the Orb.
     0 | D:1      | Reached XP level 1. HP: 22/22 MP: 0/0
   143 | D:1      | Reached XP level 2. HP: 29/29 MP: 1/1
   377 | D:1      | Reached skill level 1 in Throwing
   518 | D:2      | Noticed Natasha
   525 | D:2      | Killed Natasha
   526 | D:2      | Reached XP level 3. HP: 23/36 MP: 2/2
   804 | D:2      | Reached ** piety under Trog
   824 | D:2      | Noticed Natasha
   825 | D:2      | Natasha changed into Natasha the giant cockroach
   825 | D:2      | Noticed Natasha
   829 | D:2      | Killed Natasha the giant cockroach
  1090 | D:2      | Noticed Natasha
  1097 | D:2      | Killed Natasha
  1098 | D:2      | Reached skill level 1 in Ranged Weapons
  1098 | D:2      | Reached skill level 4 in Unarmed Combat
  1098 | D:2      | Reached XP level 4. HP: 44/44 MP: 3/3
  1194 | D:2      | Noticed Jessica
  1196 | D:2      | Killed Jessica
  1484 | D:2      | Noticed Sigmund
  1485 | D:2      | Sigmund changed into Sigmund the river rat
  1485 | D:2      | Noticed Sigmund
  1489 | D:2      | Killed Sigmund the river rat
  1490 | D:2      | Reached XP level 5. HP: 43/53 MP: 4/4
  1738 | D:3      | Found a broken altar of Ashenzari.
  2910 | D:3      | Found a stormy altar of Qazlal.
  2910 | D:3      | Found a white marble altar of Elyvilon.
  3000 | D:4      | Found a sand-covered staircase.
  3048 | Ossuary  | Entered an ossuary
  3048 | Ossuary  | Noticed a wraith
  3048 | Ossuary  | Noticed a wraith
  3048 | Ossuary  | Noticed a wraith
  3240 | Ossuary  | Noticed a wraith
  3247 | Ossuary  | Killed a wraith
  3248 | Ossuary  | Reached skill level 5 in Unarmed Combat
  3248 | Ossuary  | Reached XP level 6. HP: 57/61 MP: 3/5
  4318 | D:5      | Entered Level 5 of the Dungeon
  4323 | D:5      | Reached XP level 7. HP: 67/67 MP: 6/6
  4365 | D:5      | Found a staircase to the Ecumenical Temple.
  4404 | D:5      | Found a basalt altar of Yredelemnul.
  4551 | D:5      | Reached *** piety under Trog
  4791 | D:5      | Reached skill level 6 in Unarmed Combat
  4930 | D:5      | Found a blossoming altar of Fedhas.
  5309 | D:6      | Reached XP level 8. HP: 78/78 MP: 7/7
  5548 | D:6      | Found Rysainoa's Book Shop.
  5970 | D:6      | Reached skill level 7 in Unarmed Combat
  6186 | D:6      | Found a shimmering altar of Xom.
  6651 | D:7      | Identified the +1 dagger "Weirchimei" {heavy, Dex+2}
  6893 | D:7      | Reached XP level 9. HP: 78/85 MP: 8/8
  7106 | D:7      | Found a radiant altar of Vehumet.
  7978 | D:7      | Reached skill level 8 in Unarmed Combat
  8156 | D:7      | Reached skill level 5 in Fighting
  8168 | D:7      | Reached skill level 5 in Ranged Weapons
  8281 | D:8      | Found a runed translucent gate.
  8282 | D:8      | Found a runed translucent gate.
  8283 | D:8      | Found a runed translucent gate.
  8287 | D:8      | Found an opulent altar of Gozag.
  8289 | D:8      | Noticed a troll
  8289 | D:8      | Noticed retardedninja's ghost (novice FoFi)
  8289 | D:8      | Noticed a boulder beetle
  8313 | D:8      | Found a sparkling altar of Nemelex Xobeh.
  8361 | D:8      | Found a shadowy altar of Dithmenos.
  8705 | D:8      | Noticed a white ugly thing
  8718 | D:8      | Killed a white ugly thing
  8719 | D:8      | Reached skill level 5 in Throwing
  9040 | D:9      | Reached skill level 9 in Unarmed Combat
  9048 | D:9      | Reached XP level 10. HP: 96/96 MP: 9/9
  9062 | D:9      | Paralysed by a floating eye for 3 turns
  9162 | D:9      | Noticed turtlewat's ghost (novice TrFi)
  9176 | D:9      | Found a runed translucent door.
  9252 | D:9      | Paralysed by a floating eye for 4 turns
  9261 | D:9      | Reached skill level 1 in Evocations
  9576 | D:9      | Found an ancient bone altar of Kikubaaqudgha.
  9659 | D:9      | Noticed a two-headed ogre
  9673 | D:9      | Killed a two-headed ogre
 10111 | D:9      | Reached skill level 10 in Unarmed Combat
 10200 | D:9      | Noticed a two-headed ogre
 10201 | D:9      | Noticed a two-headed ogre
 10201 | D:9      | Noticed a two-headed ogre
 10289 | D:9      | Killed a two-headed ogre
 10409 | D:9      | Killed a two-headed ogre
 10413 | D:9      | Reached XP level 11. HP: 86/105 MP: 10/10
 11400 | D:9      | Killed a two-headed ogre
 11445 | D:9      | Noticed a two-headed ogre
 11446 | D:9      | Noticed a two-headed ogre
 11449 | D:9      | Noticed an ogre mage
 11451 | D:9      | Noticed a two-headed ogre
 11454 | D:9      | Killed a two-headed ogre
 11457 | D:9      | Killed a two-headed ogre
 11464 | D:9      | Killed an ogre mage
 11465 | D:9      | Reached skill level 11 in Unarmed Combat
 11468 | D:9      | Killed a two-headed ogre
 11621 | D:10     | Entered Level 10 of the Dungeon
 11664 | D:10     | Noticed Lodul
 11677 | D:10     | Killed Lodul
 11689 | D:10     | Found a flagged portal.
 11751 | Bailey   | Entered a bailey
 12523 | Bailey   | Reached **** piety under Trog
 12915 | Bailey   | Noticed an orc knight
 12924 | Bailey   | Killed an orc knight
 12994 | Bailey   | Acquired the +8 gold dragon scales "Fagruny" {rPois rF+ rC+
                  | rN+ Regen+ Dex-4}
 13084 | Bailey   | Noticed an orc sorcerer
 13089 | Bailey   | Found an iron altar of Okawaru.
 13093 | Bailey   | Killed an orc sorcerer
 13151 | Bailey   | Identified the +0 pair of boots of Failure {Rampage +Inv
                  | rF+ Dex+4}
 13441 | D:10     | Reached XP level 12. HP: 118/118 MP: 11/11
 13563 | D:10     | Found a shimmering blue altar of Sif Muna.
 13647 | D:10     | Reached skill level 12 in Unarmed Combat
 13708 | D:10     | Noticed Maurice
 13708 | D:10     | Noticed Sonja
 13716 | D:10     | Killed Maurice
 13726 | D:10     | Killed Sonja
 13788 | D:10     | Noticed a two-headed ogre
 13796 | D:10     | Killed a two-headed ogre
 13797 | D:10     | Reached skill level 1 in Armour
 13886 | D:10     | Noticed Snorg
 13958 | D:9      | Killed Snorg
 15034 | D:11     | Noticed a boulder beetle
 15041 | D:11     | Killed a boulder beetle
 15805 | D:11     | Found a staircase to the Lair.
 16372 | Lair:1   | Entered Level 1 of the Lair of Beasts
 16608 | Lair:1   | Noticed Harold
 16615 | Lair:1   | Killed Harold
 16637 | Lair:1   | Reached skill level 5 in Evocations
 16683 | Lair:1   | Found a transporter.
 16711 | Lair:1   | Found a transporter.
 16800 | Lair:1   | Reached skill level 13 in Unarmed Combat
 17516 | Lair:1   | Reached XP level 13. HP: 95/127 MP: 12/12
 18503 | Lair:2   | Found a staircase to the Swamp.
 19116 | Lair:3   | Found a transporter.
 19204 | Lair:3   | Found a transporter.
 19493 | Lair:3   | Reached skill level 14 in Unarmed Combat
 19502 | Lair:3   | Noticed Fannar
 19517 | Lair:3   | Killed Fannar
 19527 | Lair:3   | Reached XP level 14. HP: 137/137 MP: 13/13
 19784 | Lair:3   | Noticed Uroushin's ghost (journeyman GnEn)
 19818 | Lair:3   | Found a hole to the Spider Nest.
 20404 | Lair:4   | Reached skill level 10 in Ranged Weapons
 20869 | Lair:4   | Reached XP level 15. HP: 75/145 MP: 5/14
 21109 | Lair:5   | Entered Level 5 of the Lair of Beasts
 21180 | Lair:5   | Found a transporter.
 21224 | Lair:5   | Noticed mandoloar's ghost (journeyman OpTm)
 21294 | Lair:5   | Reached skill level 5 in Armour
 21395 | Lair:5   | Found a transporter.
 21436 | Lair:5   | Found a staircase to the Slime Pits.
 21667 | Lair:5   | Reached skill level 15 in Unarmed Combat
 22484 | Lair:5   | Identified the +3 spear "Nipnout" {flame, Will- rCorr Str+2
                  | Int+6}
 23940 | D:12     | Reached XP level 16. HP: 141/157 MP: 7/15
 24670 | D:12     | Gained mutation: You are weak. (Str -2) [potion of
                  | mutation]
 24670 | D:12     | Gained mutation: You are dopey. (Int -2) [potion of
                  | mutation]
 24670 | D:12     | Gained mutation: You have a somewhat thin skeletal
                  | structure. (Dex +2, Stealth+) [potion of mutation]
 24671 | D:12     | Lost mutation: You have a somewhat thin skeletal structure.
                  | (Dex +2, Stealth+) [potion of mutation]
 24671 | D:12     | Lost mutation: You are dopey. (Int -2) [potion of mutation]
 24671 | D:12     | Gained mutation: You have sharp toenails. [potion of
                  | mutation]
 24671 | D:12     | Gained mutation: You passively map a small area around you.
                  | [potion of mutation]
 24672 | D:12     | Lost mutation: You passively map a small area around you.
                  | [potion of mutation]
 24672 | D:12     | Lost mutation: You are weak. (Str -2) [potion of mutation]
 24672 | D:12     | Gained mutation: You are strong-willed. (Will+) [potion of
                  | mutation]
 24672 | D:12     | Gained mutation: You have hidden genetic potential. [potion
                  | of mutation]
 24960 | D:12     | Found a staircase to the Orcish Mines.
 25139 | Orc:1    | Entered Level 1 of the Orcish Mines
 25250 | Orc:2    | Entered Level 2 of the Orcish Mines
 25279 | Orc:1    | Reached ***** piety under Trog
 25368 | Orc:1    | Reached skill level 16 in Unarmed Combat
 25776 | Orc:2    | Paralysed by an orc sorcerer for 5 turns
 26023 | Orc:2    | Found Locuxos's Antique Armour Emporium.
 26139 | Orc:1    | Reached skill level 10 in Fighting
 26578 | Orc:2    | Received a gift from Trog
 26720 | Orc:2    | Found Lytun's Jewellery Emporium.
 26728 | Orc:2    | Bought a ring of see invisible for 240 gold pieces
 27411 | Orc:2    | Found Wiupuj's Antique Weapon Shop.
 27417 | Orc:2    | Found a staircase to the Elven Halls.
 27585 | Orc:2    | Found Qeossoof's General Store.
 27593 | Orc:2    | Bought a potion of curing for 45 gold pieces
 27593 | Orc:2    | Bought a scroll of identify for 30 gold pieces
 27593 | Orc:2    | Bought a wand of quicksilver (6) for 378 gold pieces
 27593 | Orc:2    | Bought a potion of lignification for 45 gold pieces
 27672 | Orc:2    | Found Iromusit's Antique Armour Shoppe.
 27963 | D:13     | Found a gate leading to a gauntlet.
 27968 | D:13     | Noticed Erolcha
 27977 | D:13     | Killed Erolcha
 27982 | Gauntlet | Entered a Gauntlet
 27982 | Gauntlet | Found a transporter.
 27982 | Gauntlet | Found a transporter.
 27985 | Gauntlet | Found a transporter.
 27987 | Gauntlet | Found a transporter.
 27988 | Gauntlet | Found a transporter.
 27990 | Gauntlet | Found a large runed translucent door.
 27991 | Gauntlet | Found a large runed translucent door.
 27992 | Gauntlet | Found a large runed translucent door.
 27992 | Gauntlet | Found a large runed translucent door.
 27992 | Gauntlet | Found a runed translucent door.
 27993 | Gauntlet | Found a runed translucent door.
 27993 | Gauntlet | Found a large runed translucent door.
 27994 | Gauntlet | Found a large runed translucent door.
 27994 | Gauntlet | Found a large runed translucent door.
 27994 | Gauntlet | Found a large runed translucent door.
 27995 | Gauntlet | Found a large runed translucent door.
 27996 | Gauntlet | Found a large runed translucent door.
 28083 | Gauntlet | Found a transporter.
 28107 | Gauntlet | Found a transporter.
 28108 | Gauntlet | Found a transporter.
 28151 | Gauntlet | Found a transporter.
 28187 | Gauntlet | Found a transporter.
 28189 | Gauntlet | Found a large runed translucent door.
 28190 | Gauntlet | Found a large runed translucent door.
 28198 | Gauntlet | Found a large runed translucent door.
 28198 | Gauntlet | Found a runed translucent gate.
 28199 | Gauntlet | Found a runed translucent gate.
 28199 | Gauntlet | Found a transporter.
 28200 | Gauntlet | Found a runed translucent gate.
 28201 | Gauntlet | Found a large runed translucent door.
 28201 | Gauntlet | Found a large runed translucent door.
 28201 | Gauntlet | Found a large runed translucent door.
 28436 | Gauntlet | Identified the +0 robe "Reujee Xymm" {rF+}
 28442 | Gauntlet | Identified the +1 broad axe of Imbalance {flame, rF++ Int+5
                  | Dex+4}
 28652 | D:13     | Noticed Kirke
 28658 | D:13     | Noticed Azrael
 28663 | D:13     | Killed Kirke
 28672 | D:13     | Killed Azrael
 28838 | D:13     | Noticed Urug
 28848 | D:13     | Killed Urug
 29501 | D:14     | Found a gate to the Vaults.
 29929 | D:14     | Found a hide-covered altar of Uskayaw.
 30065 | D:15     | Entered Level 15 of the Dungeon
 30278 | D:15     | Found a staircase to the Depths.
 30488 | D:15     | Reached XP level 17. HP: 167/167 MP: 10/16
 30505 | D:15     | Reached skill level 17 in Unarmed Combat
 30538 | D:15     | Identified the +1 robe "Nuag" {rPois Int+3}
 30697 | D:15     | Noticed Nessos
 30699 | D:15     | Nessos changed into Nessos the queen bee
 30699 | D:15     | Noticed Nessos
 30703 | D:15     | Killed Nessos the queen bee
 31337 | Elf:1    | Entered Level 1 of the Elven Halls
 31351 | Orc:2    | Gained mutation: You are agile. (Dex +4, Str/Int -1)
                  | [hidden potential]
 32079 | Elf:1    | Paralysed by an air elemental for 1 turns
 32084 | Elf:1    | Paralysed by an air elemental for 1 turns
 32378 | Elf:1    | Received a gift from Trog
 32528 | Elf:1    | Found a shimmering blue altar of Sif Muna.
 32669 | Elf:1    | Found Nocaph's Weapon Emporium.
 32755 | Elf:1    | Identified the staff of air "Joem" {Fragile rElec rN+
                  | Will+}
 32770 | Elf:1    | Noticed a Brimstone Fiend
 32774 | Elf:1    | Noticed a Tzitzimitl
 32774 | Elf:1    | HP: 3/169 [+2 heavy long sword (11)]
 32776 | Elf:1    | Slain by a +2 heavy long sword

Illustrated notes

Levels and vault maps discovered:
D:1:      lightli_iron_boxes, layout_rooms
D:2:      layout_basic, uniq_sigmund, uniq_jessica, uniq_natasha
D:3:      layout_rooms, ashenzari_altar_1, mainiacjoe_overflow_divided_tiny
D:4:      layout_gridville, gup_ossuary_entry_pyramid
D:5:      layout_loops_corners, fedhas_altar_2, mainiacjoe_overflow_catwalk,
          minmay_temple_entry_nine_rooms
D:6:      layout_loops_ring, mainiacjoe_overflow_alcove_2, serial_shops, shop
D:7:      layout_basic, mainiacjoe_overflow_paths, nicolae_eternal_life,
          grunt_decor_cap, columned_hall_lemuel, amcnicky_mini_pool_small
D:8:      layout_gridville, lemuel_crystal_altar,
          nemelex_xobeh_ov_fountains_minmay, ebering_ghost_gozag,
          grunt_ministairs_1, nrook_pool_corridor, minmay_misc_feat_iff
D:9:      lemuel_ogre_cave, layout_loops_corners,
          nicolae_kikubaaqudgha_miasma_corner, hellmonk_ghost_big_iron,
          onia_ninara_cookie
D:10:     layout_roguey, mainiacjoe_overflow_alcove_4, enter_bailey_5,
          uniq_sonja, uniq_maurice, uniq_lodul, uniq_snorg
D:11:     layout_layer_cave, lair_entry_dummy, serial_glass, glass_columns_c,
          glass_columns_b
D:12:     layout_cave_pools, zombieorc2_lemuel, serial_undead, serial_undead_a,
          serial_undead_f, serial_undead_a, serial_undead_e, serial_undead_f,
          serial_undead_a, serial_undead_e, serial_undead_e
D:13:     layout_roguey, gauntlet_entry_generic, minmay_misc_feat_diagonals,
          uniq_urug, uniq_erolcha, uniq_azrael, uniq_kirke
D:14:     layout_basic, grunt_vaults_entry_tiered, st_stairs_7, drop_trap,
          nicolae_uskayaw_suspiria
D:15:     gammafunk_depths_entry_grave, layout_cave_pods, reono_crystal_passage,
          uniq_nessos
Lair:1:   gammafunk_cloud_chamber, layout_regular_city,
          grunt_forest_large_clearing_hut, grunt_megastairs_2, uniq_harold
Lair:2:   layout_chaotic_city, nicolae_swamp_entry_spooky, lemuel_fruit_tree,
          lemuel_fruit_fields
Lair:3:   layout_gridlike, spider_nest_entry_funnel_web,
          gammafunk_ghost_abyssal_escape, uniq_fannar
Lair:4:   layout_loops_ring, serial_bayou_shore_b, lemuel_fruit_fields,
          infiniplex_staircase_pool
Lair:5:   due_jungle_book, layout_gridlike, slime_entry_1,
          gammafunk_ghost_arena, wad_woods_01
Orc:1:    layout_caves, kennysheep_orc_chapel
Orc:2:    grunt_orc_gardens, layout_diamond_mine, grunt_orc_garden,
          grunt_orc_garden, grunt_orc_garden, grunt_orc_garden, serial_shops,
          nicolae_shop_tiny_glass
Elf:1:    minmay_the_grid_triangle_9x9_rhombus_thin_mashed
          [minmay_the_grid_triangle_9x9_odd_lines,
          minmay_the_grid_triangle_9x9_prize_top_heavy,
          minmay_the_grid_triangle_9x9_skeleton,
          minmay_the_grid_triangle_9x9_sprig], layout_loops_corners,
          serial_shops, nicolae_shop_bloodbath_and_beyond, orc_legates,
          david_defended_altar_elf

Skill      XL: |  1  2  3  4  5  6  7  8  9 10 11 12 13 14 15 16 17 |
---------------+----------------------------------------------------+-----
Throwing       | 1 2 3 4 5 6 7 8 |  8.1
Ranged Weapons | 1 2 3 4 5 6 7 9 10 11 12 | 12.5
Unarmed Combat | 4 5 6 7 9 10 11 13 14 15 16 17 | 17.4
Fighting       | 3 4 5 6 7 8 9 10 | 10.8
Evocations     | 2 4 5 6 7 8 |  8.5
Armour         | 3 4 6 7 |  7.9
Dodging        | |  2.4

Action                     |  1- 3 |  4- 6 |  7- 9 | 10-12 | 13-15 | 16-18 || total
---------------------------+-------+-------+-------+-------+-------+-------++-------
  Melee: Unarmed           |    58 |    91 |   206 |   328 |   532 |   604 ||  1819
         Punch             |     1 |       |     6 |    19 |    55 |    57 ||   138
         Battleaxe         |       |       |       |    15 |    23 |       ||    38
         Trident           |       |       |       |       |     4 |       ||     4
         Dire flail        |       |       |       |       |    48 |       ||    48
         Kick              |       |       |       |       |       |   155 ||   155
         Broad axe         |       |       |       |       |       |    24 ||    24
   Fire: Sling             |    44 |   110 |    45 |       |       |       ||   199
         Shortbow          |       |       |    52 |    50 |       |       ||   102
         Arbalest          |       |       |       |   130 |   133 |   290 ||   553
  Throw: Stone             |     5 |       |       |       |       |       ||     5
         Dart              |       |       |    15 |     5 |    39 |     6 ||    65
         Boomerang         |       |       |       |       |    16 |    12 ||    28
 Invoke: Berserk           |     3 |     7 |    14 |    22 |    20 |    25 ||    91
         Trog's Hand       |       |     1 |     6 |    11 |    22 |    22 ||    62
         Brothers in Arms  |       |       |       |       |     1 |     1 ||     2
  Evoke: Wand              |     1 |     1 |    11 |    14 |     1 |    17 ||    45
         Piece from Xom's  |       |       |       |       |     2 |     3 ||     5
    Use: Scroll            |     5 |     4 |     8 |    19 |     5 |    10 ||    51
         Potion            |       |       |     1 |     5 |     4 |     9 ||    19
   Stab: Petrified         |       |       |       |       |     4 |       ||     4
         Invisible         |       |       |       |       |       |     8 ||     8
 Armour: Animal skin       |    21 |    22 |    32 |     4 |       |       ||    79
         Acid dragon scale |       |       |       |    19 |       |       ||    19
         Gold dragon scale |       |       |       |   147 |   930 |   749 ||  1826
  Dodge: Dodged            |    34 |    60 |   161 |   168 |   522 |   364 ||  1309
  Block: Other             |       |     4 |    53 |    75 |    27 |       ||   159
         Reflection        |       |     1 |     4 |     3 |       |       ||     8

Table legend: (Time is in decaauts)
 A = Elapsed time spent in this place.
 B = Non-inter-level travel time spent in this place.
 C = Inter-level travel time spent in this place.
 D = Time resting spent in this place.
 E = Time spent auto-exploring this place.
 F = Levels seen in this place.
 G = Mean time per level.
                   A        B        C        D        E       F      G
               +--------+--------+--------+--------+--------+-----+--------+
         Total |  33514 |  32604 |    910 |  11611 |  14313 |  26 | 1289.0 |
       Dungeon |  19245 |  18752 |    493 |   6261 |   9149 |  15 | 1283.0 |
          Lair |   6992 |   6655 |    337 |   1702 |   3484 |   5 | 1398.4 |
  Orcish Mines |   3475 |   3397 |     78 |   1863 |    855 |   2 | 1737.5 |
   Elven Halls |    906 |    906 |      0 |     79 |    432 |   1 |  906.0 |
       Ossuary |    684 |    684 |      0 |    276 |    161 |   1 |  684.0 |
        Bailey |   1714 |   1714 |      0 |   1143 |    188 |   1 | 1714.0 |
      Gauntlet |    496 |    496 |      0 |    285 |     44 |   1 |  496.0 |
               +--------+--------+--------+--------+--------+-----+--------+

Top non-repeatable levels by time:
    D:11: 3369 daAuts
     D:9: 2860 daAuts
   Orc:2: 2580 daAuts
  Lair:5: 2203 daAuts
     D:7: 1719 daAuts
  Bailey: 1714 daAuts
  Lair:3: 1543 daAuts
     D:6: 1279 daAuts
     D:3: 1273 daAuts
  Lair:4: 1252 daAuts
     D:2: 1246 daAuts
    D:15: 1196 daAuts
  Lair:1: 1118 daAuts
     D:5: 1016 daAuts
    D:10: 943 daAuts
